cohdb
Replays
Latest Replays
All Replays
Popular Replays
Top Player Replays
Match Explorer
How It Works
Community
CoH3 Stats
Reddit
Sign in to upload your games and track your stats! →
Sign in with Steam
Match 42321893
Unlisted
Match 42321893
Overview
Messages
Build Orders
End
Construct Infanterie Kompanie
Selects Breakthrough Battlegroup
Grenadier Squad
Grenadier Squad
Grenadier Squad
MG 42 Machine Gun Team
Construct Panzergrenadier Kompanie
Grenadier Squad
Selects Assault Grenadiers
Infanterie Officer Quarters
Pak 40 Anti-tank Gun Team
251 Medium Carrier
Panzergrenadier Squad
Selects Breakthrough
Selects Incendiary Bombing Run
Support Elements
Selects Rapid Production
StuG III G Assault Gun
Panzergrenadier Officer Quarters
StuG III G Assault Gun
Nebelwerfer 42 Rocket Launcher Team
burchbeer92
Drone Operator
simranjitsingh713
WasabiTonnarelli
Lumpy P0rk Princess
Madonnes
0
0
Comments
sign in to comment!
No comments posted yet!